 Dungeon Crawl Stone Soup version 0.28.0-53-g5a82cb258f (webtiles) character file.

Game seed: 3743337323637441674

1872 DocClef the Chiller (level 9, -2/58 HPs)
             Began as a Gnoll Ice Elementalist on July 11, 2022.
             Was a Follower of Hepliaklqana.
             Shot with an arrow by a centaur (6 damage)
             ... on level 6 of the Dungeon.
             The game lasted 00:08:13 (7077 turns).

DocClef the Chiller (Gnoll Ice Elementalist)        Turns: 7077, Time: 00:08:14

Health: -2/58      AC:  5    Str:  8    XL:     9   Next: 14%
Magic:  12/18      EV: 18    Int: 19    God:    Hepliaklqana [*.....]
Gold:   286        SH:  0    Dex: 12    Spells: 13/20 levels left

rFire   . . .      SeeInvis .   f - +2 flail (holy)
rCold   . . .      Faith    .   (no shield)
rNeg    + . .      Spirit   .   a - +0 robe
rPois   .          Reflect  .   (no helmet)
rElec   .          Harm     .   (no cloak)
rCorr   .          Rampage  .   (no gloves)
Will    .....                   m - +2 pair of boots
Stlth   +++.......              (no amulet)
HPRegen 0.19/turn               i - +4 ring of evasion
MPRegen 0.16/turn               h - ring of positive energy

@: no status effects
A: reduced essence, fangs 1, strong nose, distributed training
a: Renounce Religion, Recall Ancestor, Ancestor Identity


You were on level 6 of the Dungeon.
You worshipped Hepliaklqana.
Hepliaklqana was aware of your devotion.
You visited 2 branches of the dungeon, and saw 7 of its levels.
You also visited: Ossuary.

You collected 286 gold pieces.

Inventory:

Hand Weapons
 e - a +0 vorpal spear
 f - a +2 flail of holy wrath (weapon)
Armour
 a - a +0 robe (worn)
 m - a +2 pair of boots (worn)
 r - an orb of energy
Jewellery
 h - a ring of positive energy (right hand)
 i - a +4 ring of evasion (left hand)
 w - an amulet of reflection
Wands
 s - a wand of mindburst (9)
Scrolls
 j - 2 scrolls of noise {unknown}
 o - 3 scrolls of brand weapon
 q - 3 scrolls of identify
 t - 2 scrolls of amnesia {unknown}
 x - a scroll of teleportation {unknown}
Potions
 b - 2 potions of mutation
 c - a potion of lignification {unknown}
 d - 5 potions of brilliance {unknown}
 g - 5 potions of heal wounds {unknown}
 k - 2 potions of attraction {unknown}
 l - 3 potions of degeneration {unknown}
 n - a potion of cancellation {unknown}
 p - 6 potions of curing {unknown}
 u - 2 potions of invisibility {unknown}
 v - a potion of might {unknown}
 z - a potion of haste {unknown}


   Skills:
 + Level 3.9 Fighting
 + Level 3.9 Short Blades
 + Level 3.9 Long Blades
 + Level 3.9 Axes
 + Level 3.9 Maces & Flails
 + Level 3.9 Polearms
 + Level 3.9 Staves
 + Level 3.9 Slings
 + Level 3.9 Bows
 + Level 3.9 Crossbows
 + Level 3.9 Throwing
 + Level 3.9 Armour
 + Level 6.1 Dodging
 + Level 5.8 Stealth
 + Level 3.9 Shields
 + Level 3.9 Unarmed Combat
 + Level 6.4 Spellcasting
 + Level 3.2 Conjurations
 + Level 3.2 Hexes
 + Level 3.2 Summonings
 + Level 3.2 Necromancy
 + Level 3.2 Translocations
 + Level 3.2 Transmutations
 + Level 3.2 Fire Magic
 + Level 7.9 Ice Magic
 + Level 3.2 Air Magic
 + Level 3.2 Earth Magic
 + Level 3.2 Poison Magic
 + Level 4.3 Invocations
 + Level 3.9 Evocations


You had 13 spell levels left.
You knew the following spells:

 Your Spells              Type           Power      Damage    Failure   Level
a - Freeze                Ice            100%       1d11      1%          1
b - Frozen Ramparts       Ice            72%        1d9       1%          3
c - Ozocubu's Armour      Ice            36%        N/A       1%          3

Your spell library contained the following spells:

 Spells                   Type           Power      Damage    Failure   Level
 Shock                    Conj/Air       72%        1d7       2%          1
 Swiftness                Air            18%        N/A       9%          3
 Hailstorm                Conj/Ice       27%        3d7       11%         4
 Airstrike                Air            9%         N/A       28%         4


Dungeon Overview and Level Annotations

Branches:
Dungeon (6/15)             Temple (1/1) D:4         Ossuary (visited)

Altars:
Ashenzari
Dithmenos
Elyvilon
Fedhas
Gozag
Hepliaklqana
Kikubaaqudgha
Makhleb
Nemelex Xobeh
Okawaru
Qazlal
Ru
Trog
Uskayaw
Vehumet
Wu Jian
Xom
Yredelemnul
Zin
The Shining One


Innate Abilities, Weirdness & Mutations

Your life essence is reduced to manifest your ancestor. (-10% HP)
You have very sharp teeth.
Your uncanny sense of smell can sniff out nearby items.
Your experience applies equally to all skills.


Message History

Belshunu hits the centaur but does no damage.
The centaur unwields a +0 shortbow.
The centaur wields a +0 mace.
The centaur barely misses you. The centaur misses you.
The phantom hits you but does no damage.
The heat melts your icy armour.
Casting: Ozocubu's Armour (safe; 1% risk of failure)
Confirm with . or Enter, or press ? or * to list all spells.
Casting: Frozen Ramparts (safe; 1% risk of failure)
Press: ? - help, Dir - look around, f - activate The walls around you are covered in ice.
The wall freezes the jelly.
Belshunu barely misses the centaur.
The wall freezes the centaur.
The centaur barely misses you. The centaur misses you.
The phantom resists.
The wall freezes the phantom.
The phantom barely misses you.
You are too injured to fight recklessly!
Unknown command.
You are too injured to fight recklessly!
You are too injured to fight recklessly!
You sock the centaur!
The centaur is moderately wounded.
The wall freezes the centaur.
The centaur barely misses you.
The centaur kicks you but does no damage.
Belshunu hits the centaur but does no damage.
The wall freezes the centaur.
The centaur hits you with a +0 mace.
The centaur kicks you but does no damage.
The phantom resists.
The wall freezes the phantom.
The phantom hits you!
* * * LOW HITPOINT WARNING * * *
The phantom blinks!
You blink.
Your icy armour cracks and falls away as you move.
The frozen ramparts melt away as you move.
Belshunu barely misses the centaur.
You hit the phantom.
The phantom convulses.
Your punch misses the phantom. You bite the phantom, but do no damage.
The phantom is moderately damaged.
The centaur zaps a wand.
The puff of flame hits you!
* * * LOW HITPOINT WARNING * * *
The phantom hits you but does no damage.
The centaur unwields a +0 mace.
The centaur wields a +0 shortbow.
The centaur shoots an arrow.
The arrow hits you.
You die...

.......# .......#
#........# .......#
........#
.......#######.......###
.####.......##..........
## #.).....##..........
#####......§##..........
...##.....Rc§...........
............J...@.......
...########....W........
.....# #.............
...#.# #.............
...# # #........#####
...# #........# ...#
#........# ####
..#.######


You could see the friendly Belshunu the ancestor, a phantom, a centaur (ally
target) and a jelly.

Vanquished Creatures
  A meliai zombie (D:5)
  Eustachio (D:6)
  Edmund (D:4)
  A water moccasin (D:5)
  3 ogres
  A phantom (D:5)
  An elf skeleton (D:4)
  5 water moccasin zombies (Ossuary)
  A water moccasin skeleton (D:5)
  A hound (D:5)
  A jelly (D:5)
  A human zombie (D:4)
  3 iguanas (D:4)
  An orc wizard (D:4)
  2 human skeletons (D:4)
  2 mummies (Ossuary)
  4 gnolls (D:5)
  9 adders
  2 adder zombies (Ossuary)
  2 worms
  3 dart slugs
  5 orcs
  7 ball pythons
  7 endoplasms
  2 giant cockroaches
  6 gnoll zombies (Ossuary)
  7 goblins
  6 hobgoblins
  2 kobolds
  5 quokkas
  13 bats
  3 frilled lizards
  4 hobgoblin zombies (Ossuary)
  4 kobold zombies (Ossuary)
  2 orc skeletons (D:4)
  3 orc zombies (Ossuary)
  9 rats
131 creatures vanquished.

Vanquished Creatures (collateral kills)
  A wyvern zombie (D:6)
  A scorpion (D:6)
  A gnoll (D:6)
3 creatures vanquished.

Vanquished Creatures (others)
  An ancestor (D:6)
1 creature vanquished.

Grand Total: 135 creatures vanquished

Notes
Turn   | Place    | Note
-------+----------+-------------------------------------------
     0 | D:1      | DocClef the Gnoll Ice Elementalist began the quest for the
                  | Orb.
     0 | D:1      | Reached XP level 1. HP: 13/13 MP: 6/6
   230 | D:1      | Reached XP level 2. HP: 17/19 MP: 7/7
   536 | D:1      | Reached XP level 3. HP: 22/25 MP: 9/9
   648 | D:1      | Reached skill level 5 in Spellcasting
  1104 | D:1      | Learned a level 3 spell: Frozen Ramparts
  1108 | D:1      | Learned a level 3 spell: Ozocubu's Armour
  1160 | D:2      | Reached skill level 1 in Invocations
  1440 | D:2      | Reached skill level 1 in Fighting
  1440 | D:2      | Reached skill level 1 in Short Blades
  1440 | D:2      | Reached skill level 1 in Long Blades
  1440 | D:2      | Reached skill level 1 in Axes
  1440 | D:2      | Reached skill level 1 in Maces & Flails
  1440 | D:2      | Reached skill level 1 in Polearms
  1440 | D:2      | Reached skill level 1 in Staves
  1440 | D:2      | Reached skill level 1 in Slings
  1440 | D:2      | Reached skill level 1 in Bows
  1440 | D:2      | Reached skill level 1 in Crossbows
  1440 | D:2      | Reached skill level 1 in Throwing
  1440 | D:2      | Reached skill level 1 in Armour
  1440 | D:2      | Reached skill level 1 in Shields
  1440 | D:2      | Reached skill level 1 in Unarmed Combat
  1440 | D:2      | Reached skill level 1 in Evocations
  1674 | D:2      | Reached XP level 4. HP: 32/32 MP: 1/11
  2089 | D:2      | Reached skill level 1 in Conjurations
  2089 | D:2      | Reached skill level 1 in Hexes
  2089 | D:2      | Reached skill level 1 in Summonings
  2089 | D:2      | Reached skill level 1 in Necromancy
  2089 | D:2      | Reached skill level 1 in Translocations
  2089 | D:2      | Reached skill level 1 in Transmutations
  2089 | D:2      | Reached skill level 1 in Fire Magic
  2089 | D:2      | Reached skill level 1 in Air Magic
  2089 | D:2      | Reached skill level 1 in Earth Magic
  2089 | D:2      | Reached skill level 1 in Poison Magic
  2872 | D:3      | Reached XP level 5. HP: 29/37 MP: 12/12
  2947 | D:3      | You fall into a shaft and drop 1 floor!
  2960 | D:4      | Noticed Edmund
  2970 | D:4      | Killed Edmund
  2971 | D:4      | Reached XP level 6. HP: 23/44 MP: 7/13
  3049 | D:4      | Reached skill level 5 in Dodging
  3055 | D:4      | Found a sand-covered staircase.
  3067 | Ossuary  | Entered an ossuary
  3247 | Ossuary  | Reached XP level 7. HP: 50/50 MP: 9/15
  3690 | D:4      | Reached skill level 5 in Stealth
  4092 | D:4      | Found a staircase to the Ecumenical Temple.
  4101 | Temple   | Entered the Ecumenical Temple
  4148 | Temple   | Became a worshipper of Hepliaklqana the Forgotten
  4291 | D:4      | Reached XP level 8. HP: 42/57 MP: 12/16
  4381 | D:4      | Identified the +5 hand axe "Vyhin" {holy, rF- Str+2 Dex+2}
  4790 | D:5      | Entered Level 5 of the Dungeon
  6108 | D:5      | Found a hide-covered altar of Uskayaw.
  6117 | D:5      | Found a white marble altar of Elyvilon.
  6269 | D:5      | Reached * piety under Hepliaklqana
  6823 | D:6      | Reached XP level 9. HP: 38/58 MP: 11/18
  7022 | D:6      | Noticed Eustachio
  7035 | D:6      | Killed Eustachio
  7077 | D:6      | Shot with an arrow by a centaur

Illustrated notes

Levels and vault maps discovered:
D:1:      dpeg_arrival_court, layout_loops_ring
D:2:      minmay_razor_zed, layout_loops_corners, grunt_ministairs_10
D:3:      layout_rooms, lemuel_blue_sif_altar, gammafunk_ghost_grave,
          hellmonk_ecumenical_altar_run_dry
D:4:      layout_basic, minmay_temple_entry_large_hall,
          nicolae_ossuary_entry_catacombs, minmay_starry_boxes, uniq_edmund
D:5:      layout_layer_cave, mainiacjoe_overflow_swirl
D:6:      layout_basic, uniq_eustachio, uniq_grinder
Temple:   mainiacjoe_temple_coin_purse

Skill      XL: |  1  2  3  4  5  6  7  8 |
---------------+-------------------------+-----
Spellcasting   | 5 6 |  6.4
Invocations    | 1 2 3 4 |  4.3
Fighting       | 1 2 3 |  3.9
Short Blades   | 1 2 3 |  3.9
Long Blades    | 1 2 3 |  3.9
Axes           | 1 2 3 |  3.9
Maces & Flails | 1 2 3 |  3.9
Polearms       | 1 2 3 |  3.9
Staves         | 1 2 3 |  3.9
Slings         | 1 2 3 |  3.9
Bows           | 1 2 3 |  3.9
Crossbows      | 1 2 3 |  3.9
Throwing       | 1 2 3 |  3.9
Armour         | 1 2 3 |  3.9
Shields        | 1 2 3 |  3.9
Unarmed Combat | 1 2 3 |  3.9
Evocations     | 1 2 3 |  3.9
Conjurations   | 1 2 3 |  3.2
Hexes          | 1 2 3 |  3.2
Summonings     | 1 2 3 |  3.2
Necromancy     | 1 2 3 |  3.2
Translocations | 1 2 3 |  3.2
Transmutations | 1 2 3 |  3.2
Fire Magic     | 1 2 3 |  3.2
Air Magic      | 1 2 3 |  3.2
Earth Magic    | 1 2 3 |  3.2
Poison Magic   | 1 2 3 |  3.2
Dodging        | 5 6 |  6.1
Stealth        | 5 |  5.8
Ice Magic      | |  7.9

Action                   |  1- 3 |  4- 6 |  7- 9 || total
-------------------------+-------+-------+-------++-------
Melee: Spear             |   100 |    86 |       ||   186
       Unarmed           |     4 |       |       ||     4
       Bite              |     9 |     9 |    22 ||    40
       Punch             |     1 |     2 |     8 ||    11
       Flail             |       |    37 |   213 ||   250
 Cast: Freeze            |    14 |     2 |     3 ||    19
       Frozen Ramparts   |     3 |     5 |    19 ||    27
       Ozocubu's Armour  |     1 |     3 |    15 ||    19
  Use: Scroll            |       |     6 |       ||     6
 Stab: Sleeping          |    10 |     9 |     6 ||    25
Armor: Robe              |    18 |    24 |    58 ||   100
Dodge: Dodged            |    61 |    88 |   265 ||   414
